[Event "*** Titled Tuesday Blitz"]
[Site "Chess.com"]
[Date "2020.11.10"]
[Round "3"]
[White "Tomekas1"]
[Black "queen_iryna"]
[Result "1-0"]
[WhiteElo "2444"]
[BlackElo "2268"]
[TimeControl "180+1"]
[EndTime "10:30:50 PST"]
[Termination "Tomekas1 won by resignation"]

1. e4 d6 2. d4 Nf6 3. Nc3 e5 4.
dxe5 dxe5 5. Qxd8+ Kxd8 6. Bg5 Be6 7. O-O-O+ Nd7 8. f4 exf4 9. e5 h6 10. Bxf4 Ng4 11.
Bg3 Kc8 12. Nf3 Bb4 13. Re1 Bc5 14. Ne4 Bb6 15. Bb5 c6 16. Bc4 Bxc4 17. Nd6+ Kc7 18. Nxc4 Bf2 19. Re4 Bxg3 20. Rxg4 Bf2 21. Rf1 Bc5 22.
Rxg7 b5 23. Rxf7 bxc4 24. e6 Rad8 25. Rd1 Be3+ 26. Kb1 Rhg8 27. Rfxd7+ Rxd7 28. Rxd7+ Kc8 29. a4 Rxg2 30. Ne5 Re2 31. e7 Re1+ 32. Ka2 1-0

[Event "*** Titled Tuesday Blitz"]
[Site "Chess.com"]
[Date "2020.11.10"]
[Round "3"]
[White "Nikolaj_6"]
[Black "penguingm1"]
[Result "0-1"]
[WhiteElo "2587"]
[BlackElo "2830"]
[TimeControl "180+1"]
[EndTime "10:30:51 PST"]
[Termination "penguingm1 won by resignation"]

1. e4 e6 2. d4 d5 3. Nc3 dxe4 4. Nxe4 Nd7 5. Nf3 Ngf6 6. Bg5 Be7 7. Nxf6+ Nxf6 8.
Bd3 O-O 9. Qe2 c5 10. dxc5 Qa5+ 11. Bd2 Qxc5 12. O-O-O Bd7 13. Ne5 Bc6 14. f4 Rac8 15.
Kb1 Rfd8 16. Rhe1 Be8 17. g4 Nd5 18. f5 exf5 19. Bxf5 Rc7 20. c4 Nb4 21. Bxb4 Rxd1+ 22. Rxd1 Qxb4 23. a3 Qb6 24. Bd7 Bxd7 25. Nxd7 Qg6+ 26. Ka2 Qe6 27. Qxe6 fxe6 28. b4 Rxc4 29. Ne5 Rc7 30. Rd7 Rxd7 31. Nxd7 Bd6 32. Kb3 b6 33. Kc4 Kf7 34.
Kb5 Ke7 35. Kc6 Bxh2 36. b5 g6 37. a4 h5 38. gxh5 gxh5 0-1

[Event "*** Titled Tuesday Blitz"]
[Site "Chess.com"]
[Date "2020.11.10"]
[Round "3"]
[White "ukchessbomber"]
[Black "zverr1"]
[Result "1-0"]
[WhiteElo "2247"]
[BlackElo "2400"]
[TimeControl "180+1"]
[EndTime "10:30:51 PST"]
[Termination "ukchessbomber won by checkmate"]

1. d4 Nf6 2. c4 c5 3. d5 b5 4.
cxb5 a6 5. bxa6 g6 6. Nc3 Bg7 7. e4 O-O 8. e5 Ne8 9. Nf3 Qa5 10. Be2 Bxa6 11. O-O d6 12. e6 f6 13. Bd2 Bxe2 14. Qxe2 Qa6 15. Qxa6 Nxa6 16. a3 f5 17. Rab1 c4 18.
b3 Nc5 19. bxc4 Rxa3 20. Nb5 Ra4 21. Rfc1 Nf6 22. Nbd4 Nce4 23. Nc6 Re8 24. Rb7 Bf8 25. Be3 Ng4 26. Bd4 Ra2 27. h3 Ngxf2 28.
Nb4 Re2 29. Kf1 Ng3+ 30. Kg1 Nfe4 31. Kh2 Bh6 32. Ra1 Bf4 33. Kg1 g5 34. Nc6 Kf8 35. Nxe7 g4 36. hxg4 fxg4 37. Nh4 Rxe7 38. Ra8+ Re8 39.
Bg7+ Kg8 40. Rxe8# 1-0

[Event "*** Titled Tuesday Blitz"]
[Site "Chess.com"]
[Date "2020.11.10"]
[Round "3"]
[White "MaxLeto"]
[Black "NikolaGry"]
[Result "0-1"]
[WhiteElo "2403"]
[BlackElo "2625"]
[TimeControl "180+1"]
[EndTime "10:30:52 PST"]
[Termination "NikolaGry won by resignation"]

1. g4 d5 2. Bg2 c6 3. g5 e5 4. d4 exd4 5. Qxd4 Qb6 6. Nf3 Qxd4 7. Nxd4 Bc5 8. Nb3 Bb6 9. Nc3 Bf5 10. e4 dxe4 11. Nxe4 Bxe4 12. Bxe4 Ne7 13. Bf4 Nd7 14. Bg3 O-O-O 15. O-O-O f5 16. gxf6 Nxf6 17. Bg2 Nf5 18. Bh3 g6 19. Be5 Rhf8 20. Rxd8+ Bxd8 21. Nd4 Nd7 22. Bf6 Rxf6 23. Rd1 Nxd4 24. Rxd4 Rf7 25. c4 Bb6 26. Rd2 Kc7 27. b4 Bxf2 28. Bxd7 Be3 29. Be6 Rf2 0-1

[Event "*** Titled Tuesday Blitz"]
[Site "Chess.com"]
[Date "2020.11.10"]
[Round "3"]
[White "Margarita2907"]
[Black "Das_Virus_2020"]
[Result "0-1"]
[WhiteElo "2231"]
[BlackElo "2414"]
[TimeControl "180+1"]
[EndTime "10:30:53 PST"]
[Termination "Das_Virus_2020 won by resignation"]

1. e4 e6 2. d4 d5 3. Nd2 Nf6 4. e5 Nfd7 5. Bd3 c5 6. c3 Nc6 7. Ne2 cxd4 8. cxd4 f6 9. exf6 Nxf6 10. O-O Bd6 11. Nf3 O-O 12. Bg5 Qc7 13. h3 h6 14.
Bh4 Nh5 15. Bg6 Nf4 16. Nxf4 Bxf4 17. Qd3 Ne7 18. Bxe7 Qxe7 19. Ne5 Bxe5 20. dxe5 Bd7 21. Rac1 Rac8 22. Rc3 Rxc3 23. Qxc3 Rc8 24. Qe3 Qc5 25. Qg3 Be8 26. Bb1 Qd4 27. b3 Rc3 28. Qh2 Bb5 29.
Re1 Qd2 0-1

[Event "*** Titled Tuesday Blitz"]
[Site "Chess.com"]
[Date "2020.11.10"]
[Round "3"]
[White "AttractiveMustard"]
[Black "grandcoach"]
[Result "1-0"]
[WhiteElo "2399"]
[BlackElo "2097"]
[TimeControl "180+1"]
[EndTime "10:30:54 PST"]
[Termination "AttractiveMustard won by checkmate"]

1. e4 c5 2. Nf3 Nc6 3. d4 cxd4 4.
Nxd4 e5 5. Nb5 d6 6. N1c3 a6 7. Na3 b5 8. Nd5 Nge7 9. c4 Nxd5 10. exd5 Nd4 11. cxb5 Be7 12. Bd3 O-O 13. O-O f5 14.
bxa6 e4 15. Bc4 Bf6 16. Be3 Nf3+ 17. gxf3 Bxb2 18. Qb3 Bxa1 19. Rxa1 exf3 20. Kh1 f4 21. Bd4 Qh4 22. Rg1 Rf5 23. Rxg7+ Kf8 24. Qb6 Rf6 25.
Qc7 Rg6 26. Qf7# 1-0

[Event "*** Titled Tuesday Blitz"]
[Site "Chess.com"]
[Date "2020.11.10"]
[Round "3"]
[White "GOGIEFF"]
[Black "VladimirPotkin"]
[Result "1-0"]
[WhiteElo "2891"]
[BlackElo "2641"]
[TimeControl "180+1"]
[EndTime "10:30:55 PST"]
[Termination "GOGIEFF won by resignation"]

1. d4 Nf6 2. c4 e6 3. Nf3 d5 4. Nc3 c6 5. e3 Nbd7 6. Qc2 Bd6 7. b3 O-O 8. Be2 Qe7 9. Bb2 b6 10. O-O Bb7 11. Rad1 Rfe8 12. Rfe1 Bb4 13. Bd3 h6 14. e4 dxe4 15. Bxe4 Nxe4 16. Rxe4 Rad8 17. Qc1 Nf6 18. Re2 Qc7 19. Ne5 Bf8 20. Rd3 c5 21. Rg3 cxd4 22. Nb5 Qb8 23. Qxh6 Ne4 24. Qh5 g6 25. Nxg6 Bg7 26. Rg4 Nf6 27. Ne7+ Rxe7 28. Rxg7+ Kxg7 29. Qg5+ Kf8 30. Qxf6 Red7 31. Ba3+ Kg8 32. Re5 1-0

[Event "*** Titled Tuesday Blitz"]
[Site "Chess.com"]
[Date "2020.11.10"]
[Round "3"]
[White "QuintilianoR"]
[Black "wonderfultime"]
[Result "0-1"]
[WhiteElo "2693"]
[BlackElo "2955"]
[TimeControl "180+1"]
[EndTime "10:30:57 PST"]
[Termination "wonderfultime won by resignation"]

1. Nf3 Nf6 2. c4 c6 3. d4 d5 4. e3 Bf5 5. Nc3 e6 6. Nh4 Be4 7.
f3 Bg6 8. Qb3 Qc7 9. Bd2 Be7 10.
Nxg6 hxg6 11. O-O-O dxc4 12. Bxc4 b5 13. Be2 a6 14. Ne4 Nxe4 15. fxe4 c5 16. Kb1 Nc6 17.
e5 Rd8 18. Bf3 O-O 19. h4 Qb6 20. Qc2 Rc8 21. h5 g5 22. h6 g6 23. d5 Nxe5 24.
Bc3 Bf6 25. Qe4 Qd6 26. dxe6 Qxe6 27. Rd5 Nxf3 28. Bxf6 Qxe4+ 0-1

[Event "*** Titled Tuesday Blitz"]
[Site "Chess.com"]
[Date "2020.11.10"]
[Round "3"]
[White "Harry_Rakkel"]
[Black "saraswathii"]
[Result "1-0"]
[WhiteElo "2565"]
[BlackElo "2361"]
[TimeControl "180+1"]
[EndTime "10:30:57 PST"]
[Termination "Harry_Rakkel won on time"]

1. e4 c5 2. Nf3 e6 3. d4 cxd4 4.
Nxd4 Nf6 5. Nc3 Nc6 6. Ndb5 Bb4 7.
a3 Bxc3+ 8. Nxc3 d5 9. exd5 exd5 10. Bd3 d4 11. Qe2+ Be6 12. Ne4 Nxe4 13. Qxe4 Qd5 14. Bd2 Qxe4+ 15. Bxe4 O-O-O 16. O-O-O h6 17. Rhe1 Rhe8 18.
b4 a6 19. a4 Bd7 20. b5 axb5 21. axb5 Ne5 22. Ba5 Bxb5 23. Bxd8 Rxd8 24. Bxb7+ Kxb7 25. Rxe5 Kb6 26. Re7 Bc4 27. Kd2 d3 28. Rb1+ Kc6 29. c3 g5 30. Re4 Kc5 31. Rb4 Ba6 32. g3 Rd5 33. Ra4 Bb5 34. Rad4 1-0

[Event "*** Titled Tuesday Blitz"]
[Site "Chess.com"]
[Date "2020.11.10"]
[Round "3"]
[White "SharapovEvgeny"]
[Black "FMalexhdez"]
[Result "1-0"]
[WhiteElo "2460"]
[BlackElo "2281"]
[TimeControl "180+1"]
[EndTime "10:30:57 PST"]
[Termination "SharapovEvgeny won by resignation"]

1. c4 e5 2. Nc3 Nf6 3. g3 d5 4. cxd5 Nxd5 5. Bg2 Nb6 6. Nf3 Nc6 7. O-O Be7 8. b3 O-O 9. Bb2 Re8 10. d3 Bf8 11.
Rc1 Nd4 12. e3 Nf5 13. Ne4 f6 14. Qc2 c6 15. Rfd1 Qe7 16. d4 exd4 17. Nxd4 Nxd4 18. Rxd4 Bf5 19. Qd2 Bxe4 20. Rxe4 Qf7 21. Rxe8 Rxe8 22. Rd1 Be7 23. h4 h5 24. Bf3 Rd8 25. Qe2 g6 26. Rxd8+ Bxd8 27. Qd3 Bc7 28. Be4 Kg7 29. Kg2 Nd5 30. a3 a5 31. Bf3 Be5 32. Bxe5 fxe5 33. Qd2 Qe7 34. Qxa5 Nf6 35. b4 e4 36. Be2 Qd7 37.
Qb6 Ng4 38. Qd4+ Qxd4 39. exd4 Nf6 40. Bc4 Kf8 41. f3 Ke7 42. Kf2 Kd6 43. Ke3 exf3 44. Kxf3 Nd7 45. Kf4 1-0

[Event "*** Titled Tuesday Blitz"]
[Site "Chess.com"]
[Date "2020.11.10"]
[Round "3"]
[White "MokshanovAlexey"]
[Black "lider34"]
[Result "1-0"]
[WhiteElo "2613"]
[BlackElo "2397"]
[TimeControl "180+1"]
[EndTime "10:30:59 PST"]
[Termination "MokshanovAlexey won by resignation"]

1. e4 c6 2. d4 d5 3. e5 Bf5 4. Nf3 e6 5. Be2 Nd7 6. O-O Ne7 7. Be3 c5 8. c4 dxc4 9. Bxc4 Nc6 10. Nc3 cxd4 11. Nxd4 Nxd4 12. Bxd4 Be7 13. g4 Bg6 14. f4 Rc8 15. Be2 h6 16. f5 Bh7 17.
fxe6 fxe6 18. Bxa7 Nxe5 19. Bb5+ Nc6 20. Qe2 Kd7 21. Rad1+ Bd6 22. Rf7+ Ke8 23. Qxe6+ 1-0

[Event "*** Titled Tuesday Blitz"]
[Site "Chess.com"]
[Date "2020.11.10"]
[Round "3"]
[White "fm_magua"]
[Black "Smile2005"]
[Result "1/2-1/2"]
[WhiteElo "2580"]
[BlackElo "2394"]
[TimeControl "180+1"]
[EndTime "10:30:59 PST"]
[Termination "Game drawn by agreement"]

1. e4 d5 2. exd5 Nf6 3. d4 Nxd5 4. c4 Nb6 5. Nf3 Bg4 6. c5 N6d7 7. Bc4 e6 8. O-O Nc6 9. Be3 Be7 10. Nc3 O-O 11. h3 Bh5 12. a3 Bf6 13. Re1 Be7 14. b4 a6 15. d5 exd5 16. Nxd5 Nf6 17. Nxe7+ Nxe7 18. Qb3 Bxf3 19. gxf3 Ng6 20. Rad1 Qc8 21. Kh2 Ne5 22. Bd4 Nxc4 23. Bxf6 gxf6 24. Rg1+ Kh8 25. Qxc4 Qf5 26. Qg4 Qxg4 27. fxg4 Rad8 28. Rge1 Kg7 29. Kg3 Rfe8 30. Kf4 Rxd1 31. Rxd1 Re2 32. f3 Ra2 33. Rd7 Rxa3 34. Rxc7 a5 35. Rxb7 Ra4 36. c6 axb4 37. c7 b3+ 38. Ke3 Rc4 39. Kd3 Rc6 40. Kd4 b2 41. Kd5 Rc1 42. Kd6 Rd1+ 43. Ke7 Rc1 44. Kd8 Rd1+ 45. Ke8 Rc1 46. Kd7 Rd1+ 47. Kc6 Rc1+ 48.
Kd6 Rd1+ 49. Kc6 Rc1+ 50. Kd5 Rxc7 51. Rxb2 Rc3 52. Ke4 Rc1 53. h4 h5 54. gxh5 Rh1 55. Kf5 Rxh4 56. Rg2+ Kf8 57. Kxf6 Rxh5 58. f4 Rh6+ 59.
Ke5 Re6+ 60. Kd5 Rf6 1/2-1/2

[Event "*** Titled Tuesday Blitz"]
[Site "Chess.com"]
[Date "2020.11.10"]
[Round "3"]
[White "GameOverBro"]
[Black "misterlamine"]
[Result "0-1"]
[WhiteElo "2504"]
[BlackElo "2295"]
[TimeControl "180+1"]
[EndTime "10:30:59 PST"]
[Termination "misterlamine won on time"]

1. e4 c5 2. Ne2 Nc6 3. Nbc3 e6 4. g3 g6 5. d4 cxd4 6. Nxd4 Bg7 7. Ndb5 Nge7 8.
Nd6+ Kf8 9. Bg2 a6 10. a4 Qa5 11. O-O h5 12. h3 h4 13. g4 Qb6 14. Kh1 Nd4 15.
Nc4 Qc7 16. Qd3 Nxc2 17. Qxc2 Qxc4 18. f4 d5 19. exd5 Nxd5 20. Bd2 Nb4 21. Qd1 Bd7 22. Rc1 Bc6 23. Ne4 Qd4 24. Bc3 Qxd1 25. Bxb4+ Kg8 26.
Rcxd1 Bxb2 27. g5 Bxa4 28. Nf6+ Bxf6 29. gxf6 Bxd1 30. Rxd1 Rh5 31. Be7 Rb5 32. Rd7 a5 33. Bxb7 Rb8 34. Bc6 Rb2 35. Bd6 Rc8 36. Bc7 Rc2 0-1

[Event "*** Titled Tuesday Blitz"]
[Site "Chess.com"]
[Date "2020.11.10"]
[Round "3"]
[White "AlexandraBotez"]
[Black "Tenamu"]
[Result "0-1"]
[WhiteElo "2096"]
[BlackElo "2308"]
[TimeControl "180+1"]
[EndTime "10:30:59 PST"]
[Termination "Tenamu won by resignation"]

1. d4 Nf6 2. c4 e6 3. Nf3 c5 4.
d5 exd5 5. cxd5 d6 6. Nc3 g6 7. Bf4 Bg7 8. e3 O-O 9. h3 a6 10. a4 Qe7 11. Nd2 Nbd7 12. Bd3 Ne5 13. Bc2 Bd7 14. a5 Rfe8 15. O-O Rab8 16. Bxe5 Qxe5 17. Nc4 Qe7 18. Nb6 h5 19. Re1 Bb5 20. Nxb5 axb5 21. Qd3 c4 22. Qa3 Nd7 23. Nxd7 Qxd7 24. Qb4 Rbc8 25.
e4 Bd4 26. a6 bxa6 27. Rxa6 Bc5 28. Qa5 b4 29. Ba4 Qe7 30. Bxe8 Rxe8 31. Rc6 Qf6 32. Qa4 Qxf2+ 33. Kh2 Qxe1 34. Rxc5 Qxe4 35. Rxc4 Qxc4 36. Qxe8+ Kg7 37. Qc6 Qf4+ 38. Kg1 Qe5 39. b3 g5 40. Qc4 Qe1+ 41. Kh2 h4 42. Qg4 Kg6 43. Qc4 Kf5 44. Qc2+ Ke5 45. Qh7 Qg3+ 46. Kg1 Qe3+ 47. Kh2 Qf4+ 48. Kg1 Kxd5 49. Qd3+ Ke6 50. Qe2+ Kf6 51. Qb2+ Kg6 52. Qd2 Qxd2 0-1

[Event "*** Titled Tuesday Blitz"]
[Site "Chess.com"]
[Date "2020.11.10"]
[Round "3"]
[White "Mr_Sinigami"]
[Black "NovakCabarkapa"]
[Result "1-0"]
[WhiteElo "2534"]
[BlackElo "2721"]
[TimeControl "180+1"]
[EndTime "10:31:00 PST"]
[Termination "Mr_Sinigami won by resignation"]

1. d4 Nf6 2. Nf3 g6 3. Bf4 Bg7 4. e3 d6 5. h3 O-O 6. Be2 Nfd7 7. c4 e5 8. Bg3 Nc6 9. Nc3 f5 10. Bh4 Nf6 11. dxe5 Nxe5 12. Nxe5 dxe5 13. Qxd8 Rxd8 14.
Nd5 Rd6 15. Nxc7 Rb8 16. Rd1 Rxd1+ 17. Bxd1 Ne4 18. f3 Nc5 19. Bc2 e4 20. fxe4 Bxb2 21.
exf5 Bxf5 22. Bxf5 gxf5 23. Rf1 Rc8 24. Nd5 Re8 25. Rxf5 b6 26. Bf6 Re6 27. Ke2 Bxf6 28. Rxf6 Re4 29. Rf4 Re6 30. g4 Ne4 31. Rxe4 1-0

[Event "*** Titled Tuesday Blitz"]
[Site "Chess.com"]
[Date "2020.11.10"]
[Round "3"]
[White "WPWPWP-2015"]
[Black "The_Machine04"]
[Result "1-0"]
[WhiteElo "2528"]
[BlackElo "2300"]
[TimeControl "180+1"]
[EndTime "10:31:00 PST"]
[Termination "WPWPWP-2015 won on time"]

1. d4 d6 2. e4 Nf6 3. Nc3 e5 4. Nf3 Nbd7 5. Bc4 Be7 6. O-O c6 7. a4 h6 8. Re1 Qc7 9. h3 Nf8 10. a5 g5 11. Nh2 Ng6 12. dxe5 dxe5 13. Nf1 g4 14. hxg4 Bxg4 15. Qd3 Rd8 16. Qe3 Rg8 17. Ng3 Nf4 18. Qxa7 Be6 19. Bf1 Nd7 20. a6 Nc5 21. axb7 Nxb7 22. Be3 Rc8 23. Bb6 Qb8 24.
Nf5 Bxf5 25. exf5 f6 26. g3 Qxa7 27. Rxa7 Nd6 28. Kh2 Rb8 29. Bc7 Rc8 30. gxf4 1-0

[Event "*** Titled Tuesday Blitz"]
[Site "Chess.com"]
[Date "2020.11.10"]
[Round "3"]
[White "romulocardoso"]
[Black "novocane"]
[Result "1-0"]
[WhiteElo "2068"]
[BlackElo "2278"]
[TimeControl "180+1"]
[EndTime "10:31:01 PST"]
[Termination "romulocardoso won on time"]

1. e4 c5 2. Nf3 Nc6 3. d4 cxd4 4. Nxd4 e5 5. Nb5 d6 6. N1c3 a6 7. Na3 Be7 8. Nd5 Nf6 9. Nxe7 Qxe7 10. Bd3 Be6 11. O-O Rd8 12. c3 d5 13. exd5 Nxd5 14. Qe2 O-O 15. Rd1 f5 16. Bc4 Kh8 17. Nc2 Qf7 18. Bb3 h6 19. Ne3 Nf4 20. Qf3 Bxb3 21.
axb3 Qxb3 22. Ra3 Rxd1+ 23. Nxd1 Rd8 24. Rxb3 e4 25. Bxf4 exf3 26. Ne3 Na5 27. Bc7 Rd2 28. Bxa5 f4 29. Nf1 Rd1 30. gxf3 b5 31. Kg2 Rb1 32. Bc7 g5 33. Be5+ Kh7 34. Nd2 Rd1 35. Ne4 Kg6 36. Bc7 1-0

[Event "*** Titled Tuesday Blitz"]
[Site "Chess.com"]
[Date "2020.11.10"]
[Round "3"]
[White "AlexSuv"]
[Black "Rud_Makarian"]
[Result "1-0"]
[WhiteElo "2595"]
[BlackElo "2812"]
[TimeControl "180+1"]
[EndTime "10:31:02 PST"]
[Termination "AlexSuv won by resignation"]

1. d4 Nf6 2. c4 g6 3. Nc3 Bg7 4. e4 d6 5. Nf3 O-O 6. Be2 e5 7.
Be3 Ng4 8. Bg5 f6 9. Bh4 Nc6 10. d5 Ne7 11. Nd2 f5 12. Bxg4 fxg4 13. Bg5 h6 14.
Be3 b6 15. b4 a5 16. a3 g5 17.
O-O Ng6 18. c5 bxc5 19. bxc5 Nf4 20. a4 h5 21. Nc4 Ra6 22. Rb1 h4 23. Rb8 Qd7 24. Nb5 Nxg2 25. Kxg2 g3 26. Rxc8 h3+ 27. Kxg3 Qxc8 28. Qg4 Qe8 29. Nxc7 Qxa4 30. Qe6+ Kh7 31.
Nxa6 Qxc4 32. Qxh3+ Kg8 33. Nc7 Qxe4 34. Qg4 Qd3 35. Rd1 Qc2 36. Ne6 Rf7 37. c6 e4 38.
Rd2 Qb1 39. Qd1 Qb3 40. Qxb3 1-0

[Event "*** Titled Tuesday Blitz"]
[Site "Chess.com"]
[Date "2020.11.10"]
[Round "3"]
[White "MrChampion_Coach"]
[Black "tdf98pantani"]
[Result "1-0"]
[WhiteElo "2509"]
[BlackElo "2728"]
[TimeControl "180+1"]
[EndTime "10:31:02 PST"]
[Termination "MrChampion_Coach won by checkmate"]

1. d4 Nf6 2. c4 g6 3. Nc3 Bg7 4. e4 d6 5. h3 O-O 6. Be3 e5 7. d5 Na6 8. Nf3 Nc5 9. Nd2 a5 10. Be2 c6 11. g4 Bd7 12. f3 a4 13. Kf1 Ne8 14. Kg2 f5 15. Qc2 cxd5 16. cxd5 Rc8 17. Rac1 Bf6 18. Bh6 Rf7 19. gxf5 gxf5 20. Kh2 Kh8 21.
Rhg1 b5 22. Bxb5 Bxb5 23. Nxb5 Bg7 24. Be3 Qh4 25. exf5 Bh6 26. Bxh6 Qxh6 27. Ne4 Rxf5 28. Qg2 Rf8 29. Nbxd6 Nxe4 30. Nf7+ Rxf7 31. Qg8# 1-0

[Event "*** Titled Tuesday Blitz"]
[Site "Chess.com"]
[Date "2020.11.10"]
[Round "3"]
[White "AliKa2810"]
[Black "PSvidler"]
[Result "0-1"]
[WhiteElo "2572"]
[BlackElo "2877"]
[TimeControl "180+1"]
[EndTime "10:31:02 PST"]
[Termination "PSvidler won on time"]

1. d4 Nf6 2. c4 g6 3. Nf3 Bg7 4. e3 O-O 5. Be2 b6 6. O-O Bb7 7. d5 b5 8. Nc3 bxc4 9. Bxc4 d6 10. e4 c6 11. Be3 Nbd7 12. Rc1 cxd5 13. exd5 Rc8 14.
Qb3 Nb6 15. Bxb6 Qxb6 16. Rfe1 Bh6 17. Rc2 Qxb3 18. axb3 Nxd5 19. Nxd5 Bxd5 20. Rxe7 a5 21. h4 a4 22. Rc3 Bxc4 23. bxc4 Bg7 24. Rc2 Rb8 25.
Ra7 Rb4 26. Ng5 Bxb2 27. Ne4 a3 28. Nxd6 Be5 0-1

[Event "*** Titled Tuesday Blitz"]
[Site "Chess.com"]
[Date "2020.11.10"]
[Round "3"]
[White "Slovak_fighter2000"]
[Black "ailime26"]
[Result "0-1"]
[WhiteElo "2459"]
[BlackElo "1976"]
[TimeControl "180+1"]
[EndTime "10:31:02 PST"]
[Termination "ailime26 won by checkmate"]

1. d4 d5 2. Nf3 Nf6 3. c4 e6 4. Nc3 Be7 5. Bg5 O-O 6. e3 Nbd7 7. Bd3 b6 8. O-O Bb7 9. cxd5 Nxd5 10. Bxe7 Qxe7 11. Rc1 c5 12. Bb1 Rac8 13. Qd3 f5 14.
Qe2 N7f6 15. Rfd1 cxd4 16. Nxd5 Nxd5 17. Nxd4 f4 18. Qh5 g6 19. Qe5 fxe3 20. fxe3 Rf6 21. Be4 Rcf8 22. Bxd5 Bxd5 23. Rc7 Qb4 24. Ne2 Qd2 25.
Rcc1 Qxe2 26. Qg3 Rf2 27. Rxd5 Rf1+ 28. Rxf1 Qxf1# 0-1

[Event "*** Titled Tuesday Blitz"]
[Site "Chess.com"]
[Date "2020.11.10"]
[Round "3"]
[White "banane_verte"]
[Black "klimkoj"]
[Result "0-1"]
[WhiteElo "2405"]
[BlackElo "2638"]
[TimeControl "180+1"]
[EndTime "10:31:03 PST"]
[Termination "klimkoj won by resignation"]

1. e4 c5 2. Nc3 a6 3. g3 b5 4. Bg2 Bb7 5. d3 Nf6 6. Nge2 d6 7. O-O e6 8. Be3 Nc6 9. h3 Be7 10. Qd2 O-O 11. Rae1 d5 12. exd5 exd5 13. d4 c4 14. Bg5 b4 15. Nd1 h6 16. Bxf6 Bxf6 17. Ne3 Ne7 18. Nf4 Qd6 19. Nh5 a5 20. Nxf6+ Qxf6 21. Nxc4 dxc4 22. Bxb7 Rab8 23. Bg2 Nf5 24. Re5 Rfd8 25. Qf4 Nxd4 26. Qxf6 gxf6 27. Rxa5 Nxc2 28.
Rc5 Rbc8 29. Rxc8 Rxc8 30. Be4 Nd4 31. Rd1 Ne6 32. Kf1 Rc5 33. Ke2 Re5 34. Ke3 f5 35. Rd5 Rxe4+ 36. Kf3 Nd4+ 37. Kg2 c3 38. bxc3 bxc3 39.
Rc5 c2 40. a4 Re1 41. a5 c1=Q 0-1

[Event "*** Titled Tuesday Blitz"]
[Site "Chess.com"]
[Date "2020.11.10"]
[Round "3"]
[White "Xtrmntr78"]
[Black "Ural_bogatyr"]
[Result "0-1"]
[WhiteElo "2554"]
[BlackElo "2382"]
[TimeControl "180+1"]
[EndTime "10:31:04 PST"]
[Termination "Ural_bogatyr won on time"]

1. c4 Nf6 2. Nc3 e6 3. e4 d5 4. cxd5 exd5 5. e5 Ne4 6. d4 Bb4 7. Qb3 c5 8. a3 Ba5 9. dxc5 Nc6 10. Bb5 d4 11. Qa4 Nxc3 12. Bxc6+ bxc6 13. Qxc6+ Bd7 14. Qf3 O-O 15. Bd2 Na4 16. Bxa5 Qxa5+ 17. b4 Qb5 18. Ne2 d3 19. Nf4 d2+ 20. Kxd2 Rad8 21. Ke1 Qc4 22.
Rd1 Nb2 0-1

[Event "*** Titled Tuesday Blitz"]
[Site "Chess.com"]
[Date "2020.11.10"]
[Round "3"]
[White "Ze-Pequeno"]
[Black "Malev212"]
[Result "0-1"]
[WhiteElo "2249"]
[BlackElo "2509"]
[TimeControl "180+1"]
[EndTime "10:31:04 PST"]
[Termination "Malev212 won by resignation"]

1. e4 e5 2. Nf3 Nc6 3. Nc3 Nf6 4. d4 exd4 5. Nxd4 Bb4 6. Nxc6 bxc6 7. Bd3 O-O 8. O-O d6 9. Bg5 h6 10. Bh4 a5 11. f4 Re8 12. Qf3 Be6 13. Rae1 a4 14.
a3 Bc5+ 15. Kh1 g5 16. fxg5 Ng4 17. h3 hxg5 18. Bg3 Ne5 19. Qh5 Kg7 20. Qe2 Rh8 21. Bf2 Bxf2 22. Qxf2 g4 23. Kh2 gxh3 24. Qg3+ Kf8 25. Rf4 hxg2+ 26. Kxg2 Rh3 27. Qf2 Qg5+ 28.
Kf1 Bg4 29. Rxg4 Qxg4 30. Qg2 Rf3+ 0-1

[Event "*** Titled Tuesday Blitz"]
[Site "Chess.com"]
[Date "2020.11.10"]
[Round "3"]
[White "KyrgyzFighter"]
[Black "beto-betun"]
[Result "1-0"]
[WhiteElo "2355"]
[BlackElo "2186"]
[TimeControl "180+1"]
[EndTime "10:31:05 PST"]
[Termination "KyrgyzFighter won on time"]

1. c4 e5 2. Nc3 Nc6 3. g3 f5 4.
Bg2 Nf6 5. e3 d5 6. Nxd5 e4 7.
d3 Nxd5 8. cxd5 Qxd5 9. dxe4 Qxd1+ 10. Kxd1 fxe4 11. Bxe4 Bg4+ 12. Kc2 O-O-O 13. Bd2 Bb4 14. Bxb4 Nxb4+ 15. Kc3 Nd5+ 16. Bxd5 Rxd5 17. f3 Bh5 18. g4 Bg6 19. e4 Rd6 20. Ne2 Rc6+ 21. Kd2 Rd8+ 22. Ke3 Rc2 23. b3 Rdd2 24. Nd4 Rxa2 25.
Rxa2 Rxa2 26. f4 Bf7 27. e5 Ra3 28. e6 Be8 29. Rc1 Kd8 30. Rc3 c6 31. Ke4 Ke7 32. Ke5 g6 33. f5 gxf5 34. gxf5 Ra5+ 35. Kf4 Kf6 36. Rh3 h5 37. Rg3 c5 38. Nf3 c4 39.
Nd4 cxb3 40. Rxb3 b6 41. Rc3 Ra4 42. Ke3 Ke5 43. e7 Rxd4 44. Rc8 1-0

[Event "*** Titled Tuesday Blitz"]
[Site "Chess.com"]
[Date "2020.11.10"]
[Round "3"]
[White "Azerichess"]
[Black "giantslayer83"]
[Result "1-0"]
[WhiteElo "2971"]
[BlackElo "2703"]
[TimeControl "180+1"]
[EndTime "10:31:06 PST"]
[Termination "Azerichess won by resignation"]

1. d4 Nf6 2. c4 e6 3. Nc3 Bb4 4.
Qc2 d5 5. cxd5 Qxd5 6. Nf3 Qf5 7.
Qb3 Nc6 8. e3 O-O 9. Be2 Qd5 10.
Qc2 Qa5 11. O-O e5 12. a3 Bxc3 13. bxc3 e4 14. Nd2 Re8 15. Rb1 Qg5 16. Re1 b6 17. Qa4 Bd7 18. Bb5 a6 19. Bxc6 b5 20. Qa5 Bxc6 21. Qxc7 Rac8 22. Qg3 Qxg3 23. hxg3 Bd5 24.
Bb2 Nd7 25. a4 bxa4 26. Ba1 Re6 27. Rb4 Nb6 28. Reb1 Bb3 29. Nxb3 axb3 30. R1xb3 Nd5 31. Rc4 Ree8 32. Rxc8 Rxc8 33. Kf1 h5 34. Ke2 f6 35. Kd2 Kf7 36. Rb7+ Kg6 37. Kc2 a5 38. Kb3 Rc6 39. Ra7 Rb6+ 40. Kc2 Rc6 41. Rxa5 Nb4+ 42. Kd2 Nd3 43.
f3 Nf2 44. d5 Rb6 45. c4 Nh1 46. Bd4 Rb3 47. d6 Rd3+ 48. Kc2 Nxg3 49. d7 1-0

[Event "*** Titled Tuesday Blitz"]
[Site "Chess.com"]
[Date "2020.11.10"]
[Round "3"]
[White "albi1999"]
[Black "Sviridov_Valery"]
[Result "0-1"]
[WhiteElo "2545"]
[BlackElo "2787"]
[TimeControl "180+1"]
[EndTime "10:31:06 PST"]
[Termination "Sviridov_Valery won by resignation"]

1. d4 g6 2. Nf3 Bg7 3. c4 d6 4.
Nc3 e5 5. dxe5 dxe5 6. Qxd8+ Kxd8 7. Bg5+ f6 8. O-O-O+ Nd7 9. Bd2 c6 10. b3 Kc7 11.
Ne4 Nh6 12. Bb4 b6 13. e3 f5 14. Neg5 Nc5 15. h3 e4 16. Nd4 Bf6 17. h4 Ng4 18.
Rd2 h6 19. Nh3 g5 20. hxg5 hxg5 21. Be2 Bd7 22. Re1 Rad8 23. Bf1 Bc8 24. Bc3 Rd6 25. f4 exf3 26. gxf3 Ne5 27. f4 gxf4 28. exf4 Ng4 29. Ng5 Rhd8 30. Ne2 Bxc3 31. Rxd6 Bxe1 32. Rxd8 Kxd8 0-1

[Event "*** Titled Tuesday Blitz"]
[Site "Chess.com"]
[Date "2020.11.10"]
[Round "3"]
[White "Malysch"]
[Black "littleplotkin"]
[Result "0-1"]
[WhiteElo "2402"]
[BlackElo "2645"]
[TimeControl "180+1"]
[EndTime "10:31:07 PST"]
[Termination "littleplotkin won on time"]

1. d4 Nf6 2. c4 e6 3. g3 Bb4+ 4. Nd2 O-O 5. Bg2 d6 6. Nf3 Nc6 7. O-O e5 8. d5 Ne7 9. Nb3 b5 10. cxb5 e4 11. Nfd4 Nexd5 12. Nc6 Qe8 13. Bg5 Bc5 14.
Nxc5 dxc5 15. Rc1 a6 16. Rxc5 axb5 17. Rxd5 Qxc6 18. Bxf6 Qxf6 19. Rxb5 Rxa2 20. Qc2 Ba6 21. Rb4 e3 22. fxe3 Qe5 23. Qc3 Qxc3 24. bxc3 Bxe2 25.
Rf2 c5 26. Rb1 Rd8 27. Be4 g6 28. Kg2 f5 29. Bf3 Bxf3+ 30. Kxf3 Rxf2+ 31. Kxf2 Rd2+ 32. Kf3 Rc2 33. Rb3 c4 34. Ra3 Kg7 35. h4 h6 36.
e4 fxe4+ 37. Kxe4 Rg2 38. Kf3 Rd2 39. Kf4 Rd3 40. Ra7+ Kf8 41. Ra3 Kf7 42. Ra7+ Ke8 43. Ra3 Rd5 44. g4 Rd3 45. h5 gxh5 46. gxh5 Ke7 47.
Kf5 Kd6 48. Kg6 Rg3+ 49. Kxh6 Kd5 0-1